 Dungeon Crawl Stone Soup version 0.28.0 (webtiles) character file.

Game seed: 3294035397864134083

42 psuckher the Sneak (level 3, 0/29 HPs)
             Began as a Demonspawn Delver on Feb 15, 2022.
             Slain by a gnoll (8 damage)
             ... on level 2 of the Dungeon.
             The game lasted 00:07:09 (932 turns).

psuckher the Sneak (Demonspawn Delver)               Turns: 932, Time: 00:07:11

Health: 0/29       AC:  3    Str: 14    XL:     3   Next: 33%
Magic:  3/3        EV: 12    Int: 11    God:
Gold:   28         SH:  0    Dex: 14    Spells: 2/2 levels left

rFire   . . .      SeeInvis .   a - +0 hand axe
rCold   . . .      Faith    .   (no shield)
rNeg    . . .      Spirit   .   b - +0 leather armour
rPois   .          Reflect  .   (no helmet)
rElec   .          Harm     .   (no cloak)
rCorr   .          Rampage  .   (no gloves)
Will    .....                   (no boots)
Stlth   +++.......              (no amulet)
HPRegen 0.09/turn               (no ring)
MPRegen 0.16/turn               (no ring)

@: no status effects
A: magic regeneration
a: no special abilities


You were on level 2 of the Dungeon.
You visited 1 branch of the dungeon, and saw 4 of its levels.

You collected 28 gold pieces.

Inventory:

Hand Weapons
 a - a +0 hand axe (weapon)
Missiles
 k - 6 poisoned darts (quivered)
Armour
 b - a +0 leather armour (worn)
Magical Staves
 i - a staff of cold
Wands
 g - a wand of digging (3)
Scrolls
 c - a scroll of fog
 d - a scroll of magic mapping
 h - a scroll of amnesia {unknown}
 j - a scroll of immolation {unknown}
Potions
 e - a potion of heal wounds
 f - a potion of haste


   Skills:
 + Level 3.0 Fighting
 + Level 1.8 Axes
 + Level 0.2 Armour
 + Level 2.0 Dodging
 + Level 5.4 Stealth


You had 2 spell levels left.
You didn't know any spells.
Your spell library was empty.

Dungeon Overview and Level Annotations

Branches:
Dungeon (5/15)
 Temple: D:4-7

Altars:
Nemelex Xobeh
The Shining One

Annotations:
D:4 Ijyb
D:5 Menkaure


Innate Abilities, Weirdness & Mutations

You regenerate magic rapidly.


Message History

You hit the gnoll.
The gnoll is moderately wounded.
The gnoll hits you from afar with a +0 spear.
You hit the gnoll.
The gnoll is heavily wounded.
A gnoll comes into view. It is wielding a +0 spear.
The gnoll barely misses you. The gnoll misses you.
You hit the gnoll but do no damage.
The gnoll is heavily wounded.
The gnoll hits you but does no damage. The gnoll closely misses you.
You hit the gnoll but do no damage.
The gnoll is heavily wounded.
The gnoll hits you but does no damage. The gnoll misses you.
The gnoll barely misses you. The gnoll hits you with a +0 club.
You hit the gnoll but do no damage.
The gnoll is heavily wounded.
The gnoll completely misses you.
The gnoll hits you from afar with a +0 spear!
The gnoll hits you with a +0 club!
* * * LOW HITPOINT WARNING * * *
The gnoll barely misses you.
You feel much better.
The gnoll hits you from afar with a +0 spear!
The gnoll hits you with a +0 club.
The gnoll hits you from afar with a +0 spear.
You hit the gnoll.
The gnoll is almost dead.
The gnoll hits you from afar with a +0 spear.
The gnoll hits you with a +0 club. The gnoll barely misses you.
You barely miss the gnoll.
The gnoll is almost dead.
The gnoll hits you but does no damage. The gnoll hits you with a +0 club.
The gnoll hits you but does no damage.
You closely miss the gnoll.
The gnoll is almost dead.
The gnoll hits you from afar with a +0 spear.
* * * LOW HITPOINT WARNING * * *
The gnoll closely misses you. The gnoll barely misses you.
The gnoll hits you from afar with a +0 spear!
You die...

.# ###.#.###.##.........#####...#
.# #............#.......# #....
.# #....>.....#.....#.#.# #....
.# #.#.#.###..##.###..#.# #....
.# #.#...........# #..#.#####...#
.###.###..##..##.###..#.........#
.....# ##.##..##....#......#>###.
.###.# .##..##.###########.# #.
.# #. ##.##..##@# #.# #. .#
.###...# #g# #.# #. .# ......


ggg #.# #. .# #.#... ##... #.###. .### #.##.# #.### #..... ...###.##.# #.#
####.. .#.##.#.#.# #$# #.# .....###..# #.# #.# .#.##.#.#.# #.# You could see 4
gnolls.

Vanquished Creatures
  An orc priest (D:4)
  2 orcs (D:4)
  A giant cockroach (D:2)
  3 kobolds
  2 ball pythons
  A goblin (D:4)
  A rat (D:3)
11 creatures vanquished.

Notes
Turn   | Place    | Note
-------+----------+-------------------------------------------
     0 | D:5      | psuckher the Demonspawn Delver began the quest for the Orb.
     0 | D:5      | Reached XP level 1. HP: 18/18 MP: 1/1
    38 | D:5      | Noticed Menkaure
   144 | D:5      | Noticed a hound
   189 | D:5      | Noticed a scorpion
   287 | D:4      | Noticed Ijyb
   292 | D:4      | Noticed an orc priest
   353 | D:2      | Found a faded altar of an unknown god.
   561 | D:2      | You fall into a shaft and drop 2 floors!
   563 | D:4      | Killed an orc priest
   564 | D:4      | Reached skill level 5 in Stealth
   564 | D:4      | Gained mutation: You regenerate magic rapidly. [demonic
                  | ancestry]
   564 | D:4      | Reached XP level 2. HP: 24/24 MP: 2/2
   564 | D:4      | Reached XP level 3. HP: 29/29 MP: 3/3
   697 | D:3      | Found a sparkling altar of Nemelex Xobeh.
   928 | D:2      | HP: 1/29 [gnoll (8)]
   932 | D:2      | Slain by a gnoll

Illustrated notes

Levels and vault maps discovered:
D:2:      layout_loops_ring, basic_ecumenical_altar, kennysheep_generic_room_6
D:3:      layout_rooms, mainiacjoe_overflow_boulevard, tso_metal_star
D:4:      layout_cave_pods, temple_green, serial_glass, glass_columns_c,
          glass_columns_b, glass_columns_a, glass_columns_b, glass_columns_b,
          uniq_ijyb
D:5:      nicolae_cairo_tiling_large, layout_basic, cheibrodos_sewer_entry_bend,
          uniq_menkaure

Skill      XL: |  1 |
---------------+----+-----
Dodging        | 2 |  2.0
Stealth        | 5 |  5.4
Fighting       | |  3.0
Axes           | |  1.8
Armour         | |  0.2

Action                   || total
-------------------------++-------
Melee: Hand axe          ||    36
Throw: Dart              ||     6
Evoke: Wand              ||     3
  Use: Potion            ||     2
       Scroll            ||     1
 Stab: Sleeping          ||     2
Armor: Leather armour    ||    13
Dodge: Dodged            ||    25
